Ci vedioamo, lawful female elven Ranger ----- |... --- --..--------- ..%. --...|.......| .....[---..%.|.......| @.@&.V..@%)%@-...@@..| ......---.[..|......A| ..% --...|.......| --|- --..--------- ----%.. |... ....%.%.. ----- ./.---- ...| --- Ci vedioamo the Arbalester Experience level: 21 Strength: 18 Dexterity: 18 Constitution: 16 Intelligence: 19 Wisdom: 18 Charisma: 10 Health: 244(244) Energy: 121(121) Def: 38 Gold: 593 Moves: 29194 Dungeon seed: y26P_wO-pkI04S5M Game ID: Ci vedioamo_1528222890 Your Inventory: Coins $ - 593 gold pieces Amulets s - an uncursed amulet of life saving (being worn) Weapons a - the rustproof +6 Stormbringer (weapon in hand) Armor n - a cursed -2 helm of opposite alignment named sorry Mars (being worn) q - an uncursed thoroughly burnt +0 pair of gauntlets of dexterity (being worn) y - an uncursed +5 elven leather helm C - an uncursed +4 Hawaiian shirt (being worn) H - an uncursed fireproof +5 cloak of protection (being worn) J - a blessed +5 gray dragon scale mail (being worn) Q - an uncursed fireproof +5 pair of speed boots (being worn) U - a blessed +5 shield of reflection (being worn) Comestibles f - an uncursed partly eaten C-ration p - an uncursed lizard corpse Scrolls w - an uncursed scroll of light Spellbooks F - the uncursed Book of the Dead Rings e - an uncursed ring of conflict (on left hand) g - an uncursed ring of levitation j - an uncursed ring of free action (on right hand) r - an uncursed ring of protection from shape changers M - an uncursed ring of slow digestion Wands x - a wand of digging (0:3) A - a wand of digging (0:3) K - a wand of cancellation (0:6) N - a wand of death (2:4) O - a wand of create monster (0:11) S - a wand of digging (0:4) T - a wand of cancellation (0:1) Tools b - an uncursed bag of holding c - a magic marker (0:20) o - an uncursed lock pick t - the uncursed Candelabrum of Invocation (no candles attached) (0:0) B - an uncursed blindfold G - a magic marker (1:3) P - a blessed +0 unicorn horn V - the Bell of Opening (0:2) W - a tinning kit (0:65) Gems z - an uncursed luckstone Contents of the bag of holding: the blessed +0 Longbow of Diana 30 +0 elven arrows 4 uncursed C-rations 2 uncursed K-rations 7 uncursed food rations an uncursed lembas wafer an uncursed partly eaten lembas wafer 4 uncursed lumps of royal jelly 2 uncursed slime molds 2 uncursed sprigs of wolfsbane 2 uncursed scrolls of blank paper 2 blessed scrolls of charging an uncursed potion of full healing 2 potions of holy water an uncursed potion of see invisible an uncursed ring of conflict an uncursed ring of fire resistance an uncursed ring of invisibility an uncursed ring of levitation an uncursed ring of regeneration an uncursed ring of shock resistance an uncursed ring of sustain ability an uncursed ring of teleport control a wand of digging (0:6) a wand of digging (0:5) a wand of digging (0:3) a wand of polymorph (0:4) a wand of polymorph (0:3) a wand of polymorph (0:0) a wand of wishing (1:0) a corroded +0 pick-axe Spells and supernatural/magical abilities: Name Level Category Fail Memory a - force bolt 1 attack 100% 40% u - confuse monster 2 enchantment 100% 27% R - restore ability 4* healing 100% 0% U - detect unseen 3 divination 100% 32% W - pray for help -- divine ? -- Your skills at the end: Fighting Skills Weapon Skills dagger [Expert] broadsword [Basic] bow [Skilled] Spellcasting Skills Final Attributes: You were fervently aligned. You were fire resistant. You were cold resistant. You were sleep resistant. You were disintegration-resistant. You were shock resistant. You were poison resistant. You were level-drain resistant. You were magic-protected. You saw invisible. You were telepathic. You had automatic searching. You had infravision. You were invisible to others. You were stealthy. You caused conflict. You were protected. You were very fast. You had reflection. You had free action. Your life would have been saved. You were extremely lucky. You had extra luck. Bad luck did not time out for you. Good luck did not time out for you. You survived after being killed once. Vanquished creatures: Orcus Yeenoghu The Wizard of Yendor (thrice) Pestilence (twice a high priest a mastodon Medusa 3 storm giants a glass golem a purple worm 4 red dragons 2 white dragons 4 black dragons 3 blue dragons 2 green dragons 4 yellow dragons 17 minotaurs a jabberwock Scorpius 4 baluchitheria 5 Angels a demilich Vlad the Impaler 2 Olog-hai 3 Nazgul 3 pit fiends 3 sandestins 2 hell hounds 3 titanotheres 2 trappers a baby red dragon a baby white dragon a guardian naga 21 vampire lords 5 shades 5 skeletons 2 shopkeepers 17 aligned priests 5 captains a lich a clay golem 4 nurses 5 ice devils 3 nalfeshnees a lurker above an Aleax a frost giant 3 ettins a golden naga 8 black puddings 18 vampires 30 ghosts 7 lieutenants a ranger 3 rogues a queen bee 8 giant mimics 2 zruties 6 ogre kings 4 ice trolls 4 umber hulks 2 Elvenkings 3 doppelgangers 6 hezrous 6 bone devils 7 large mimics 6 wumpuses a fire vortex 2 long worms 5 stalkers 4 air elementals 6 fire elementals 4 earth elementals 4 water elementals 2 hill giants 3 giant mummies 2 black nagas 3 xorns 9 giant zombies 3 elf-lords 6 sergeants a water demon a barbed devil 2 vrocks 2 salamanders 5 wargs a winter wolf 4 hell hound pups 15 small mimics 2 warhorses 3 steam vortices 4 xans 2 ettin mummies 8 quantum mechanics 8 trolls 2 mariliths a djinni 4 sharks an electric eel 3 gelatinous cubes 3 pyrolisks 4 large dogs a freezing sphere 2 flaming spheres 6 shocking spheres a large cat 4 tigers a gargoyle a tengu an ochre jelly 4 leocrottas 3 energy vortices 23 mountain centaurs a stone giant 3 elf mummies 5 human mummies 2 red nagas a green slime 7 pit vipers 5 pythons 8 cobras 51 wraiths 4 carnivorous apes 19 ettin zombies 2 Grey-elves 51 soldiers 2 horned devils 4 succubi 4 incubi 5 chameleons 2 crocodiles 5 giant beetles 4 quivering blobs 9 cockatrices 5 wolves 2 panthers a gremlin a spotted jelly 28 leprechauns an orc-captain 4 iron piercers 7 mumakil 9 giant spiders 21 scorpions 2 horses 3 ice vortices a black light 8 vampire bats 40 forest centaurs 4 gnome kings 2 orc mummies a dwarf mummy 3 ogres 2 brown puddings 5 rust monsters 7 owlbears a yeti a gold golem 3 Green-elves 14 giant eels 3 lizards 6 hunters 2 chickatrices 2 dogs a dingo a housecat 4 jaguars 5 dwarf lords a gray unicorn a black unicorn 4 dust vortices 3 ravens 9 plains centaurs a gnome mummy 3 snakes 5 water moccasins 5 apes 19 human zombies 2 rope golems 2 soldier ants a fire ant 3 bugbears 2 quasits 4 wood nymphs 2 water nymphs 3 mountain nymphs 13 Mordor orcs 2 Uruk-hai 3 orc shamans a rock piercer a rock mole 3 ponies 3 fog clouds 4 yellow lights 4 shriekers 4 violet fungi 16 gnome lords 6 gnomish wizards a kobold mummy a black naga hatchling a golden naga hatchling 4 gray oozes a barrow wight 16 elf zombies 8 ghouls 4 paper golems 3 jellyfish a baby crocodile 3 giant ants 4 little dogs 8 floating eyes 2 kittens 22 dwarves 2 homunculi 3 kobold lords 3 kobold shamans 3 hill orcs a centipede 8 giant bats 21 orc zombies 25 dwarf zombies 2 wererats 2 werejackals 5 iguanas 31 killer bees 3 coyotes 2 gas spores 9 hobbits 2 manes 3 large kobolds 3 hobgoblins 7 giant rats a cave spider 2 brown molds a yellow mold a green mold 4 red molds 63 gnomes 7 garter snakes 14 gnome zombies 8 geckos 11 jackals a fox 2 kobolds 4 goblins 3 sewer rats 3 grid bugs 5 bats 10 lichens 13 kobold zombies 15 newts 1366 creatures vanquished. Genocided species: hobbits dwarves bugbears dwarf lords dwarf kings mind flayers master mind flayers liches demiliches master liches arch-liches rust monsters disenchanters jellyfish piranhas sharks giant eels electric eels krakens 19 species genocided. Voluntary challenges: You used a wielded weapon 3926 times, starting on turn 98. You read items or engraved 174 times, starting on turn 1520. You genocided 19 types of monsters, starting on turn 16343. You polymorphed 22 items, starting on turn 15871. You never changed form. You used 12 wishes, starting on turn 1521. You did not wish for any artifacts. You split 5 puddings, starting on turn 21510. You never wrote Elbereth's name. You violated your moral code, losing 494 points of alignment, starting on turn 4145. Dungeon overview: The Dungeons of Doom: levels 1 to 29 Level 1 a fountain stairs to The Elemental Planes Level 2 a general store, a fountain Level 3 a general store, a fountain stairs to The Gnomish Mines Level 4 Level 5 Level 6 Level 7 Level 8 Level 9 Level 10 stairs to Sokoban Level 11 an altar to Mars Level 12 Level 13 Level 14 a fountain Level 15 portal to The Quest Level 16 an altar to Venus, a sink Level 17 an altar to Mars Level 18 Level 19 some fountains Level 20 an armor shop Level 21 some fountains Level 22 a fountain Level 23 a sink Level 24 a sink Level 25 Level 26 an altar to Mars Level 27 Level 28 Level 29 (HOLY WATER) a fountain Gehennom: levels 30 to 50 Level 30 a temple to Moloch stairs to The Dungeons of Doom Level 31 Level 32 Level 33 Level 34 a fountain Level 35 Level 36 Level 37 Level 38 Level 39 stairs to Vlad's Tower Level 40 some shops, an altar to Moloch Level 41 Level 42 Level 43 portal to Gehennom Level 44 Level 45 Level 46 (l'ingresso alla torra di mago) portal to Gehennom Level 47 Level 48 Level 49 Level 50 The Gnomish Mines: levels 4 to 11 Level 4 stairs to The Dungeons of Doom Level 5 Level 6 Level 7 many shops, a temple to Mercury, some fountains Level 8 Level 9 Level 10 Level 11 The Quest: levels 1 to 6 Level 1 many trees portal to The Dungeons of Doom Level 2 many trees Level 3 Level 4 Level 5 Level 6 a throne Sokoban: levels 6 to 9 Level 6 Level 7 Level 8 Level 9 stairs to The Dungeons of Doom Vlad's Tower: levels 36 to 38 Level 36 a throne Level 37 Level 38 stairs to Gehennom The Elemental Planes: Astral Plane <- You were here a high altar Plane 4 portal to The Elemental Planes Plane 3 portal to The Elemental Planes Plane 2 portal to The Elemental Planes Plane 1 portal to The Elemental Planes History has recorded: On T:1 you entered the Dungeons of Doom to retrieve the Amulet of Yendor! On T:238 you reached level 2 of The Dungeons of Doom. On T:335 you reached level 3 of The Dungeons of Doom. On T:720 you advanced to experience level 2. On T:774 you advanced to experience level 3. On T:943 you reached level 1 of The Gnomish Mines. On T:984 you advanced to experience level 4. On T:1036 you advanced to experience level 5. On T:1193 you reached level 2 of The Gnomish Mines. On T:1452 you reached level 3 of The Gnomish Mines. On T:1521 you wished for "blessed +2 gray dragon scale mail". On T:1524 you advanced to experience level 6. On T:1541 you wished for "2 blessed scrolls of charging". On T:1544 you wished for "blessed +2 shield of reflection". On T:1546 you wished for "blessed amulet of life saving". On T:1548 you wished for "blessed +2 fireproof speed boots". On T:1641 you wished for "blessed +2 fireproof cloak of protection". On T:1679 you reached level 4 of The Gnomish Mines. On T:2006 you reached level 4 of The Dungeons of Doom. On T:2150 you advanced to experience level 7. On T:2199 you reached level 5 of The Dungeons of Doom. On T:2397 you reached level 6 of The Dungeons of Doom. On T:2454 you reached level 7 of The Dungeons of Doom. On T:2681 you reached level 8 of The Dungeons of Doom. On T:2881 you advanced to experience level 8. On T:2888 you reached level 9 of The Dungeons of Doom. On T:3196 you reached level 10 of The Dungeons of Doom. On T:3375 you reached level 4 of Sokoban. On T:3580 you reached level 3 of Sokoban. On T:4185 you reached level 2 of Sokoban. On T:4456 you reached level 1 of Sokoban. On T:4707 you advanced to experience level 9. On T:5533 you reached level 11 of The Dungeons of Doom. On T:5921 you wished for "blessed bag of holding". On T:6439 you reached level 5 of The Gnomish Mines. On T:6656 you reached level 6 of The Gnomish Mines. On T:6716 you reached level 7 of The Gnomish Mines. On T:6928 you reached level 8 of The Gnomish Mines. On T:8113 you reached level 12 of The Dungeons of Doom. On T:8138 you advanced to experience level 10. On T:8503 you reached level 13 of The Dungeons of Doom. On T:9468 you were saved from death by your amulet of life saving! On T:9553 you received Sting from Mars. On T:9657 you reached level 14 of The Dungeons of Doom. On T:9902 you reached level 15 of The Dungeons of Doom. On T:10053 you reached level 16 of The Dungeons of Doom. On T:10191 you reached level 17 of The Dungeons of Doom. On T:13152 you reached level 18 of The Dungeons of Doom. On T:13440 you advanced to experience level 11. On T:13944 you reached level 19 of The Dungeons of Doom. On T:14166 you reached level 20 of The Dungeons of Doom. On T:14361 you reached level 21 of The Dungeons of Doom. On T:14489 you reached level 22 of The Dungeons of Doom. On T:14674 you reached level 23 of The Dungeons of Doom. On T:14848 you advanced to experience level 12. On T:14879 you reached level 24 of The Dungeons of Doom. On T:15127 you reached level 25 of The Dungeons of Doom. On T:15271 you reached level 26 of The Dungeons of Doom. On T:15369 you reached level 27 of The Dungeons of Doom. On T:15502 you reached level 28 of The Dungeons of Doom. On T:15508 you killed Medusa on level 28 of The Dungeons of Doom. On T:15567 you reached The Castle. On T:16333 you wished for "blessed magic marker". On T:16342 you wished for "2 blessed scrolls of genocide". On T:16514 you reached The Valley of the Dead. On T:16594 you advanced to experience level 13. On T:17171 you advanced to experience level 14. On T:17173 you advanced to experience level 15. On T:17679 you wished for "magic marker". On T:18277 you received Stormbringer from Mars. On T:18439 you reached level 1 of The Quest. On T:18605 you advanced to experience level 16. On T:18793 you embarked upon an epic quest. On T:18801 you reached level 2 of The Quest. On T:18901 you reached level 3 of The Quest. On T:18985 you reached level 4 of The Quest. On T:19209 you reached level 5 of The Quest. On T:19431 you reached level 6 of The Quest. On T:19505 you killed Scorpius on level 6 of The Quest. On T:19683 you completed the quest! On T:20383 you wished for "2 cursed scrolls of genocide". On T:22327 you advanced to experience level 17. On T:23640 you killed Yeenoghu in The Valley of the Dead. On T:23735 you reached level 2 of Gehennom. On T:23747 you reached level 3 of Gehennom. On T:24145 you reached level 4 of Gehennom. On T:24155 you reached level 5 of Gehennom. On T:24403 you reached level 6 of Gehennom. On T:24423 you reached level 7 of Gehennom. On T:24548 you reached level 8 of Gehennom. On T:24560 you reached level 9 of Gehennom. On T:24725 you reached level 11 of Gehennom. On T:24728 you wished for "blessed magic marker". On T:24761 you reached level 10 of Gehennom. On T:24811 you reached level 3 of Vlad's Tower. On T:24856 you reached level 2 of Vlad's Tower. On T:24905 you reached level 1 of Vlad's Tower. On T:24927 you killed Vlad the Impaler on level 1 of Vlad's Tower. On T:25486 you killed Orcus on level 11 of Gehennom. On T:25540 you reached level 13 of Gehennom. On T:25590 you reached level 12 of Gehennom. On T:25622 you reached level 14 of Gehennom. On T:25649 you reached level 15 of Gehennom. On T:25660 you reached level 16 of Gehennom. On T:25673 you advanced to experience level 18. On T:25895 you reached level 17 of Gehennom. On T:25905 you reached level 18 of Gehennom. On T:26045 you reached level 19 of Gehennom. On T:26056 you reached level 20 of Gehennom. On T:26939 you advanced to experience level 19. On T:27032 you killed Wizard of Yendor on level 12 of Gehennom. On T:27165 you performed the invocation. On T:27166 you reached level 21 of Gehennom. On T:27309 you killed high priest of Moloch on level 21 of Gehennom. On T:27311 you gained the Amulet of Yendor! On T:28810 you reached the Plane of Earth. On T:28811 you killed Wizard of Yendor on the Plane of Earth. On T:28821 you killed Wizard of Yendor on the Plane of Earth. On T:28822 you advanced to experience level 20. On T:28824 you advanced to experience level 21. On T:28853 you reached the Plane of Air. On T:28897 you reached the Plane of Fire. On T:28918 you reached the Plane of Water. On T:29134 you reached the Astral Plane. On T:29142 you killed Pestilence on the Astral Plane. On T:29158 you killed Pestilence on the Astral Plane. On T:29194 you lost the Amulet of Yendor. On T:29194 you offered the Amulet of Yendor to Mercury and ascended to the status of Demigoddess! Score breakdown: Gold: 593 ( 9435 points) Experience: 21 levels (24913 points) Exploration: 50 levels (100.00%) (30000 points) Discoveries: 93 items ( 32.07%) (16988 points) Valuables value: 150 ( 7412 points) Artifact value: 28000 (15127 points) Variety of kills: 251 monsters ( 65.88%) (24349 points) Turncount: 29194 turns (-3961 points) Survival: ascended (score multiplied by 200%) Total score: 248526 Latest messages: You start removing your elven leather helm. You take off your elven leather helm. The priestess of Moloch picks up a greased long sword. You start equipping your helm of opposite alignment named sorry Mars. You are now wearing a helm of opposite alignment named sorry Mars. Your mind oscillates briefly. Pestilence drinks a potion of speed! Pestilence is suddenly moving faster. The priestess of Moloch picks up a luckstone. You offer the Amulet of Yendor to Mercury... An invisible choir sings, and you are bathed in radiance... The voice of Mercury booms out: "Congratulations, mortal!" "In return for thy service, I grant thee the gift of Immortality!" You ascend to the status of Demigoddess... Final status: Goodbye Ci vedioamo the Demigoddess, ascended... You went to your reward with 248526 points, Stormbringer (worth 8000 zorkmids) The Longbow of Diana (worth 4000 zorkmids) The Candelabrum of Invocation (worth 5000 zorkmids) The Book of the Dead (worth 10000 zorkmids) The Bell of Opening (worth 5000 zorkmids) 1 amulet of life saving (worth 150 zorkmids), and 593 pieces of gold, after 29194 moves. You were level 21 with a maximum of 244 hit points when you ascended.